 Dungeon Crawl Stone Soup version 0.29-a0-723-gce39da1c22 (webtiles) character file.

Game seed: 9986383605770750781

82 riojii the Trooper (level 4, -6/35 HPs)
             Began as a Demonspawn Fighter on June 28, 2022.
             Mangled by a gnoll
             ... wielding a +0 halberd
              (11 damage)
             ... on level 2 of the Dungeon.
             The game lasted 00:01:21 (1717 turns).

riojii the Trooper (Demonspawn Fighter)             Turns: 1717, Time: 00:01:22

Health: -6/35      AC:  6    Str: 19    XL:     4   Next: 21%
Magic:  4/4        EV:  9    Int:  9    God:
Gold:   101        SH:  5    Dex: 14    Spells: 3/3 levels left

rFire   . . .      SeeInvis .     - Unarmed
rCold   . . .      Faith    .   b - +0 buckler
rNeg    . . .      Spirit   .   a - +0 scale mail
rPois   .          Reflect  .   (no helmet)
rElec   .          Harm     .   (no cloak)
rCorr   .          Rampage  .   (no gloves)
Will    .....                   (no boots)
Stlth   +.........              (no amulet)
HPRegen 0.11/turn               (no ring)
MPRegen 0.09/turn               (no ring)

@: mighty
A: claws 1, thin skeletal structure 1
a: no special abilities


You were on level 2 of the Dungeon.
You visited 1 branch of the dungeon, and saw 2 of its levels.

You collected 101 gold pieces.

Inventory:

Armour
 a - a +0 scale mail (worn)
 b - a +0 buckler (worn)
Scrolls
 d - a scroll of enchant weapon {unknown}
 e - a scroll of amnesia {unknown}


   Skills:
 + Level 3.4 Fighting
 + Level 3.2 Armour
 + Level 3.1 Shields
 * Level 2.9 Unarmed Combat


You had 3 spell levels left.
You didn't know any spells.
Your spell library contained the following spells:

 Spells                   Type           Power      Damage    Failure   Level
 Static Discharge         Conj/Air       0%         N/A       94%         2
 Dispel Undead            Necr           0%         3d6       100%        4
 Sticky Flame             Conj/Fire      0%         2d3       100%        4


Dungeon Overview and Level Annotations

Branches:
Dungeon (2/15)

Altars:


Innate Abilities, Weirdness & Mutations

You have sharp fingernails.
You have a somewhat thin skeletal structure. (Dex +2, Stealth+)


Message History

You are too injured to fight recklessly!
You are too injured to fight recklessly!
You are too injured to fight recklessly!
You are too injured to fight recklessly!
You are too injured to fight recklessly!
You are too injured to fight recklessly!
You are too injured to fight recklessly!
You are too injured to fight recklessly!
You are too injured to fight recklessly!
You are too injured to fight recklessly!
You feel very mighty all of a sudden. The gnoll barely misses you.
The gnoll hits you with a +0 whip.
You are too injured to fight recklessly!
You closely miss the gnoll.
The gnoll is severely wounded.
The gnoll barely misses you. The gnoll closely misses you.
You barely miss the gnoll.
The gnoll is severely wounded.
The gnoll hits you from afar with a +0 halberd.
* * * LOW HITPOINT WARNING * * *
The gnoll hits you with a +0 whip.
* * * LOW HITPOINT WARNING * * *
You scratch the gnoll.
The gnoll is severely wounded.
The gnoll hits you but does no damage. The gnoll barely misses you.
You claw the gnoll!
You kill the gnoll!
The gnoll misses you.
You have reached level 4!
You feel stronger.
Your demonic ancestry asserts itself...
Your bones become slightly less dense.
You closely miss the gnoll. The gnoll completely misses you.
The gnoll closely misses you.
You claw the gnoll!
You kill the gnoll!
The gnoll hits you but does no damage.
You scratch the rat.
You kill the rat!
The gnoll hits you from afar with a +0 halberd!
You die...

......................
#.......#.##.######..
#.....#.#.##.######..
.#......#..........
##..####...#####..
####.....###### #..
#<.##...##.<#.# #))
#...#...#...#.####..
###.@#...#).##....(..
#.###)....####..##...
#....g........#+##...
#......⌠............#
#....................
#.###.....###.....#.#
###..#...#..##.......
#...#...#...##..##.#
#<.##...##.>###.##.#


You could see a gnoll.

Vanquished Creatures
  An adder (D:2)
  3 gnolls (D:2)
  A worm (D:2)
  3 bats
  4 endoplasms
  2 goblins (D:2)
  2 hobgoblins (D:1)
  7 jackals (D:1)
  5 kobolds
  2 quokkas
  6 ball pythons
  2 frilled lizards (D:1)
  2 rats
40 creatures vanquished.

Notes
Turn   | Place    | Note
-------+----------+-------------------------------------------
     0 | D:1      | riojii the Demonspawn Fighter began the quest for the Orb.
     0 | D:1      | Reached XP level 1. HP: 18/18 MP: 1/1
   171 | D:1      | Found a faded altar of an unknown god.
   266 | D:1      | Gained mutation: You have sharp fingernails. [demonic
                  | ancestry]
   266 | D:1      | Reached XP level 2. HP: 14/24 MP: 2/2
  1225 | D:2      | Reached XP level 3. HP: 26/29 MP: 3/3
  1715 | D:2      | Gained mutation: You have a somewhat thin skeletal
                  | structure. (Dex +2, Stealth+) [demonic ancestry]
  1715 | D:2      | Reached XP level 4. HP: 4/35 MP: 4/4
  1717 | D:2      | Mangled by a gnoll

Illustrated notes

Levels and vault maps discovered:
D:1:      amcnicky_arrival_flooded_fountain, layout_basic,
          dreamdust_ecumenical_altar_statues, serial_bayou_crossing
D:2:      layout_basic, basic_altar, grunt_ministairs_6

Skill      XL: |  1  2 |
---------------+-------+-----
Unarmed Combat | 2 |  2.9
Armour         | 3 |  3.2
Shields        | 3 |  3.1
Fighting       | |  3.4

Action                   |  1- 3 |  4- 6 || total
-------------------------+-------+-------++-------
Melee: Unarmed           |   158 |     3 ||   161
  Use: Potion            |     1 |       ||     1
Armor: Scale mail        |    62 |     1 ||    63
Dodge: Dodged            |    53 |     2 ||    55
Block: Buckler           |    27 |       ||    27

Table legend: (Time is in decaauts)
 A = Elapsed time spent in this place.
 B = Non-inter-level travel time spent in this place.
 C = Inter-level travel time spent in this place.
 D = Time resting spent in this place.
 E = Time spent auto-exploring this place.
 F = Levels seen in this place.
 G = Mean time per level.
                   A        B        C        D        E       F      G
               +--------+--------+--------+--------+--------+-----+--------+
         Total |   1730 |   1707 |     23 |      0 |   1437 |   2 |  865.0 |
       Dungeon |   1730 |   1707 |     23 |      0 |   1437 |   2 |  865.0 |
               +--------+--------+--------+--------+--------+-----+--------+

Top non-repeatable levels by time:
     D:1: 1223 daAuts
     D:2: 506 daAuts
